 Dungeon Crawl Stone Soup version 0.27.1-2-g3b301248ec (webtiles) character file.

Game seed: 5031329390577270169

9261 Rickety the Destroyer (level 11, -1/81 HPs)
             Began as a Gnoll Conjurer on Sept 30, 2021.
             Was an Initiate of Vehumet.
             Slain by a cane toad (2 damage)
             ... while petrified by a basilisk
             ... on level 1 of the Lair of Beasts.
             The game lasted 00:30:33 (13366 turns).

Rickety the Destroyer (Gnoll Conjurer)             Turns: 13366, Time: 00:30:33

Health: -1/81      AC:  9    Str:  6    XL:     11   Next: 43%
Magic:  16/23      EV:  2    Int: 21    God:    Vehumet [......]
Gold:   385        SH:  0    Dex: 11    Spells: 12/26 levels left

rFire    . . .     SeeInvis +   a - +2 whip (freeze)
rCold    . . .     Faith    .   (no shield)
rNeg     + + +     Spirit   .   P - +0 troll leather armour
rPois    ∞         Reflect  .   C - +1 helmet
rElec    .         Harm     .   e - +0 cloak
rCorr    .         Rampage  .   g - +0 pair of gloves
Will     .....                  (no boots)
Stlth    +++.......             G - amulet of magic regeneration
HPRegen  1.23/turn              v - ring of see invisible
MPRegen  0.43/turn              (no ring)

@: lethally poisoned (-1 -> -1), petrified
A: fangs 1, strong nose, distributed training
a: Renounce Religion


You were on level 1 of the Lair of Beasts.
You worshipped Vehumet.
Vehumet was noncommittal.
You visited 3 branches of the dungeon, and saw 12 of its levels.

You collected 567 gold pieces.
You spent 182 gold pieces at shops.

Inventory:

Hand Weapons
 a - a +2 whip of freezing (weapon)
 b - a +0 dagger of holy wrath
 j - the +9 war axe "Beastslayer" {spect, rC+}
   (You found it on level 5 of the Dungeon)

   When its wielder attacks, the weapon's spirit leaps out and strikes again.
   The spirit shares a part of any damage it takes with its wielder.
   rC:        It protects you from cold.
Missiles
 n - 39 poisoned darts
 r - a curare-tipped dart
 H - 4 throwing nets
 L - 2 javelins
Armour
 e - a +0 cloak (worn)
 g - a +0 pair of gloves (worn)
 C - a +1 helmet (worn)
 D - a +2 leather armour of fire resistance
 F - a +0 robe of positive energy
 I - +0 steam dragon scales
 P - a +0 troll leather armour (worn)
Magical Staves
 A - a staff of air
 N - a staff of cold
Jewellery
 v - a ring of see invisible (left hand)
 G - an amulet of magic regeneration (around neck)
Wands
 s - a wand of iceblast (10)
 B - a wand of flame (35)
Scrolls
 d - 2 scrolls of immolation {unknown}
 f - 6 scrolls of teleportation {unknown}
 h - 14 scrolls of identify {unknown}
 k - a scroll of magic mapping {unknown}
 q - 4 scrolls of enchant armour {unknown}
 t - 2 scrolls of noise {unknown}
 w - 2 scrolls of enchant weapon {unknown}
 x - a scroll of torment {unknown}
 y - a scroll of fear {unknown}
 E - 2 scrolls of silence {unknown}
 J - a scroll of holy word {unknown}
 K - a scroll of vulnerability {unknown}
 M - a scroll of amnesia {unknown}
 Q - a scroll of blinking {unknown}
Potions
 c - 3 potions of curing
 i - 3 potions of attraction
 l - 2 potions of cancellation {unknown}
 m - a potion of mutation {unknown}
 o - 3 potions of might {unknown}
 p - a potion of berserk rage {unknown}
 u - a potion of brilliance {unknown}
 z - a potion of haste {unknown}
 O - 2 potions of invisibility {unknown}


   Skills:
 + Level 6.3 Fighting
 + Level 6.3 Short Blades
 + Level 6.3 Long Blades
 + Level 6.3 Axes
 + Level 6.3 Maces & Flails
 + Level 6.3 Polearms
 + Level 6.3 Staves
 + Level 6.3 Slings
 + Level 6.3 Bows
 + Level 6.3 Crossbows
 + Level 6.3 Throwing
 + Level 6.3 Armour
 + Level 7.9 Dodging
 + Level 7.6 Stealth
 + Level 6.3 Shields
 + Level 6.3 Unarmed Combat
 + Level 8.1 Spellcasting
 + Level 8.9 Conjurations
 + Level 5.2 Hexes
 + Level 5.2 Summonings
 + Level 5.2 Necromancy
 + Level 5.2 Translocations
 + Level 5.2 Transmutations
 + Level 5.2 Fire Magic
 + Level 5.2 Ice Magic
 + Level 5.2 Air Magic
 + Level 5.2 Earth Magic
 + Level 5.2 Poison Magic
 + Level 6.9 Invocations
 + Level 6.3 Evocations


You had 12 spell levels left.
You knew the following spells:

 Your Spells              Type           Power      Damage    Failure   Level
a - Magic Dart            Conj           100%       1d8       1%          1
k - Iskenderun's Mystic   Conj/Tloc      38%        2d9       6%          4
m - Mephitic Cloud        Conj/Pois/Air  35%        N/A       2%          3
n - Fulminant Prism       Conj/Hex       19%        3d11      6%          4
r - Searing Ray           Conj           92%        3d6       1%          2

Your spell library contained the following spells:

 Spells                   Type           Power      Damage    Failure   Level
 Pain                     Necr           100%       1d9       1%          1
 Passwall                 Tmut/Erth      25%        N/A       1%          2
 Dazzling Flash           Conj/Hex       76%        N/A       1%          3
 Call Canine Familiar     Summ           30%        N/A       4%          3
 Gell's Gravitas          Tloc           15%        N/A       4%          3
 Ignite Poison            Fire/Tmut/Pois 30%        N/A       4%          3
 Lesser Beckoning         Tloc           15%        N/A       4%          3
 Portal Projectile        Hex/Tloc       60%        N/A       4%          3
 Teleport Other           Tloc           30%        N/A       4%          3
 Leda's Liquefaction      Hex/Erth       15%        N/A       13%         4
 Bolt of Magma            Conj/Fire/Erth 17%        4d9       22%         5
 Lee's Rapid Deconstruct  Erth           15%        3d11*     36%         5
 Disjunction              Tloc           15%        N/A       100%        8


Dungeon Overview and Level Annotations

Branches:
Dungeon (10/15)            Temple (1/1) D:7            Lair (1/6) D:8
    Orc: D:9-12

Altars:
Ashenzari
Cheibriados
Dithmenos
Elyvilon
Fedhas
Gozag
Hepliaklqana
Kikubaaqudgha
Makhleb
Nemelex Xobeh
Okawaru
Qazlal
Ru
Sif Muna
Trog
Uskayaw
Vehumet
Wu Jian
Xom
Yredelemnul
Zin
The Shining One

Shops:
D:1 :   D:5 =*!!(   D:8 !

Annotations:
D:7 3 runed translucent doors, CmdrRubz's ghost, novice MiBe


Innate Abilities, Weirdness & Mutations

You have very sharp teeth.
Your uncanny sense of smell can sniff out nearby items.
Your experience applies equally to all skills.


Message History

You feel extremely sick.
The bullfrog hits you but does no damage.
The black mamba bites you but does no damage.
Your limbs are stiffening.
You feel better. The black mamba closely misses you.
The bullfrog hits you but does no damage.
The cane toad stings you. The basilisk gazes at you.
Your limbs have turned to stone.
The black mamba bites you.
You are poisoned.
The black mamba poisons you! The bullfrog hits you.
The cane toad completely misses you.
You have turned to stone.
The black mamba bites you but does no damage.
The bullfrog barely misses you. The cane toad stings you!!
* * * LOW HITPOINT WARNING * * *
The black mamba bites you!
* * * LOW HITPOINT WARNING * * *
The bullfrog completely misses you. The black mamba completely misses you.
The cane toad stings you!!
* * * LOW HITPOINT WARNING * * *
The bullfrog hits you.
* * * LOW HITPOINT WARNING * * *
The black mamba barely misses you. The black mamba bites you!
* * * LOW HITPOINT WARNING * * *
The bullfrog hits you but does no damage.
The cane toad stings you.
* * * LOW HITPOINT WARNING * * *
The basilisk gazes at you. You resist with some effort.
The black mamba bites you but does no damage.
The bullfrog hits you but does no damage.
The cane toad stings you.
* * * LOW HITPOINT WARNING * * *
The black mamba bites you.
* * * LOW HITPOINT WARNING * * *
The basilisk gazes at you. You resist with some effort.
The bullfrog completely misses you. The cane toad stings you.
You die...

..... ......
.....# # ###
.....#
#.#..####.....#
..............#
..............#
.......S......#
.>....#@##.#..#
......FF...#
......#..l.+
.......###.#
##.#P.. ... #
##.. ...# #..
..# ... ..#
##..


You could see a black mamba, a cane toad, a basilisk and a bullfrog.

Vanquished Creatures
  Harold (D:8)
  An elephant (D:8)
  A gargoyle (D:10)
  Psyche (D:8)
  A queen bee (D:8)
  A hornet (D:8)
  A troll (D:10)
  Prince Ribbit (D:8)
  A shadow (D:9)
  A basilisk (D:8)
  A steam dragon (D:8)
  2 wyverns
  10 yaks
  4 vampire mosquitoes (D:8)
  3 water moccasins
  A hornet zombie (D:9)
  2 orc warriors
  2 black bears
  2 necrophages
  2 ogres
  3 centaurs
  4 kobold brigands
  4 bullfrogs
  3 scorpions
  A water moccasin zombie (D:5)
  2 wyvern zombies (D:6)
  9 killer bees (D:8)
  9 wights
  3 howler monkeys
  3 jellies
  2 hounds
  5 centaur zombies
  A bullfrog skeleton (D:5)
  A gnoll shaman (D:4)
  3 orc priests (D:6)
  2 iguanas
  6 orc wizards
  A hound skeleton (D:5)
  A howler monkey zombie (D:3)
  7 gnolls
  3 adders
  An adder skeleton (D:4)
  5 dart slugs
  26 orcs
  4 ball pythons
  4 endoplasms
  4 giant cockroaches
  7 goblins
  7 hobgoblins
  2 jackals (D:1)
  4 quokkas
  3 bats
  5 frilled lizards
  21 kobolds
  4 rats
  A spectral hobgoblin (D:7)
210 creatures vanquished.

Vanquished Creatures (others)
  45 fulminant prisms
  2 fungi (D:8)
  29 plants (D:8)
76 creatures vanquished.

Grand Total: 286 creatures vanquished

Notes
Turn   | Place    | Note
-------+----------+-------------------------------------------
     0 | D:1      | Rickety the Gnoll Conjurer began the quest for the Orb.
     0 | D:1      | Reached XP level 1. HP: 13/13 MP: 6/6
    11 | D:1      | Found Dynawkoe's Book Emporium.
   186 | D:1      | Reached XP level 2. HP: 19/19 MP: 4/7
   189 | D:1      | Learned a level 2 spell: Searing Ray
   795 | D:1      | Reached XP level 3. HP: 25/25 MP: 6/9
   799 | D:1      | Reached skill level 5 in Spellcasting
  1567 | D:2      | Found a faded altar of an unknown god.
  1652 | D:2      | Found an ancient bone altar of Kikubaaqudgha.
  1684 | D:2      | Reached skill level 1 in Invocations
  2181 | D:2      | Reached skill level 1 in Fighting
  2181 | D:2      | Reached skill level 1 in Short Blades
  2181 | D:2      | Reached skill level 1 in Long Blades
  2181 | D:2      | Reached skill level 1 in Axes
  2181 | D:2      | Reached skill level 1 in Maces & Flails
  2181 | D:2      | Reached skill level 1 in Polearms
  2181 | D:2      | Reached skill level 1 in Staves
  2181 | D:2      | Reached skill level 1 in Slings
  2181 | D:2      | Reached skill level 1 in Bows
  2181 | D:2      | Reached skill level 1 in Crossbows
  2181 | D:2      | Reached skill level 1 in Throwing
  2181 | D:2      | Reached skill level 1 in Armour
  2181 | D:2      | Reached skill level 1 in Shields
  2181 | D:2      | Reached skill level 1 in Unarmed Combat
  2181 | D:2      | Reached skill level 1 in Evocations
  2484 | D:3      | Found a sparkling altar of Nemelex Xobeh.
  2867 | D:3      | Found a shimmering altar of Xom.
  2908 | D:3      | Reached XP level 4. HP: 32/32 MP: 3/11
  3668 | D:4      | Reached skill level 1 in Hexes
  3668 | D:4      | Reached skill level 1 in Summonings
  3668 | D:4      | Reached skill level 1 in Necromancy
  3668 | D:4      | Reached skill level 1 in Translocations
  3668 | D:4      | Reached skill level 1 in Transmutations
  3668 | D:4      | Reached skill level 1 in Fire Magic
  3668 | D:4      | Reached skill level 1 in Ice Magic
  3668 | D:4      | Reached skill level 1 in Air Magic
  3668 | D:4      | Reached skill level 1 in Earth Magic
  3668 | D:4      | Reached skill level 1 in Poison Magic
  3758 | D:4      | Reached XP level 5. HP: 37/37 MP: 8/12
  4296 | D:4      | Noticed a necrophage
  4300 | D:4      | Killed a necrophage
  4301 | D:4      | Reached XP level 6. HP: 44/44 MP: 9/14
  4344 | D:4      | Learned a level 3 spell: Mephitic Cloud
  4364 | D:5      | Entered Level 5 of the Dungeon
  4364 | D:5      | Found Moimeuh's Jewellery Boutique.
  4418 | D:5      | Reached skill level 5 in Dodging
  4516 | D:5      | Found Qozaus's Weapon Shop.
  4598 | D:5      | Noticed a black bear
  4604 | D:5      | Killed a black bear
  4605 | D:5      | Reached XP level 7. HP: 50/50 MP: 7/15
  4659 | D:5      | Found Hywoel's Distillery.
  4669 | D:5      | Bought 2 potions of degeneration for 20 gold pieces
  4669 | D:5      | Bought a potion of curing for 30 gold pieces
  4688 | D:5      | Identified the +9 war axe "Beastslayer" {spect, rC+}
  4808 | D:5      | Reached skill level 5 in Stealth
  4975 | D:5      | Found Buadur Xumopn's Assorted Antiques.
  5186 | D:5      | Found Caleta Dikk's Distillery.
  5742 | D:6      | Reached XP level 8. HP: 57/57 MP: 8/16
  6195 | D:6      | Noticed a yak
  6199 | D:6      | Noticed a yak
  6201 | D:6      | Killed a yak
  6217 | D:6      | Killed a yak
  6497 | D:6      | Noticed a yak
  6501 | D:6      | Noticed a yak
  6503 | D:6      | Noticed a yak
  6522 | D:6      | Killed a yak
  6526 | D:6      | Killed a yak
  6527 | D:6      | Reached XP level 9. HP: 51/65 MP: 5/18
  6534 | D:6      | Learned a level 4 spell: Fulminant Prism
  6539 | D:6      | Learned a level 4 spell: Iskenderun's Mystic Blast
  7393 | D:5      | Bought a potion of attraction for 45 gold pieces
  7393 | D:5      | Bought a potion of curing for 45 gold pieces
  7518 | D:7      | Found a runed translucent gate.
  7518 | D:7      | Found a runed translucent gate.
  7519 | D:7      | Found a runed translucent gate.
  7657 | D:7      | Found a hazy altar of Hepliaklqana.
  7747 | D:7      | Found a glowing golden altar of the Shining One.
  7834 | D:7      | Reached skill level 5 in Invocations
  8207 | D:7      | Reached XP level 10. HP: 73/73 MP: 7/20
  8214 | D:7      | Found a staircase to the Ecumenical Temple.
  8243 | Temple   | Entered the Ecumenical Temple
  8473 | D:7      | Reached skill level 5 in Fighting
  8473 | D:7      | Reached skill level 5 in Short Blades
  8473 | D:7      | Reached skill level 5 in Long Blades
  8473 | D:7      | Reached skill level 5 in Axes
  8473 | D:7      | Reached skill level 5 in Maces & Flails
  8473 | D:7      | Reached skill level 5 in Polearms
  8473 | D:7      | Reached skill level 5 in Staves
  8473 | D:7      | Reached skill level 5 in Slings
  8473 | D:7      | Reached skill level 5 in Bows
  8473 | D:7      | Reached skill level 5 in Crossbows
  8473 | D:7      | Reached skill level 5 in Throwing
  8473 | D:7      | Reached skill level 5 in Armour
  8473 | D:7      | Reached skill level 5 in Shields
  8473 | D:7      | Reached skill level 5 in Unarmed Combat
  8473 | D:7      | Reached skill level 5 in Evocations
  8617 | D:7      | Noticed CmdrRubz's ghost (novice MiBe)
  9504 | D:8      | Noticed an elephant
  9888 | D:8      | Noticed Prince Ribbit
  9893 | D:8      | Killed Prince Ribbit
 10059 | D:8      | Noticed Psyche
 10075 | D:8      | Killed Psyche
 10593 | D:8      | Found a basalt altar of Yredelemnul.
 10641 | D:8      | Found Weorok's Distillery.
 10649 | D:8      | Bought a potion of curing for 42 gold pieces
 10692 | D:8      | Noticed Harold
 10700 | D:8      | Killed Harold
 10803 | D:8      | Reached XP level 11. HP: 70/81 MP: 10/22
 11109 | D:8      | Found a staircase to the Lair.
 11628 | D:8      | Reached skill level 5 in Hexes
 11628 | D:8      | Reached skill level 5 in Summonings
 11628 | D:8      | Reached skill level 5 in Necromancy
 11628 | D:8      | Reached skill level 5 in Translocations
 11628 | D:8      | Reached skill level 5 in Transmutations
 11628 | D:8      | Reached skill level 5 in Fire Magic
 11628 | D:8      | Reached skill level 5 in Ice Magic
 11628 | D:8      | Reached skill level 5 in Air Magic
 11628 | D:8      | Reached skill level 5 in Earth Magic
 11628 | D:8      | Reached skill level 5 in Poison Magic
 11793 | D:9      | Found a shadowy altar of Dithmenos.
 12230 | D:9      | Found an iron altar of Okawaru.
 12230 | D:9      | Found a glowing silver altar of Zin.
 12493 | D:10     | Entered Level 10 of the Dungeon
 12690 | D:10     | Found an ornate altar of the Wu Jian Council.
 12827 | D:10     | Got the Almanac of Earthen Displacement
 13229 | D:10     | Found a radiant altar of Vehumet.
 13229 | D:10     | Found an ancient bone altar of Kikubaaqudgha.
 13231 | D:10     | Found a shimmering blue altar of Sif Muna.
 13238 | D:10     | Became a worshipper of Vehumet
 13248 | D:10     | Got Kikubaaqudgha's Disquisition on Unholy Secrets
 13353 | Lair:1   | Entered Level 1 of the Lair of Beasts
 13365 | Lair:1   | HP: 3/81 [black mamba (7)]
 13365 | Lair:1   | HP: 1/81 [cane toad (1)]
 13366 | Lair:1   | Slain by a cane toad

Illustrated notes

Levels and vault maps discovered:
D:1:      amcnicky_arrival_single_pillar, layout_basic, serial_shops,
          nicolae_shop_crystal
D:2:      cheibrodos_helix_gallery, layout_basic, basic_altar,
          shapermc_ecumenical_altar_starsandcircs, minivault_23
D:3:      layout_loops_corners, mainiacjoe_overflow_small_starburst,
          mainiacjoe_overflow_catwalk
D:4:      layout_loops_corners
D:5:      layout_basic, serial_shops, nicolae_diamond_shop,
          nicolae_shop_window_shopping, nicolae_take_the_stairs,
          nicolae_shop_stone, nicolae_stop_n_shop_2,
          minmay_fractal_squares_gapless_5
D:6:      layout_basic, small_statue_intersection, kennysheep_small_circle
D:7:      layout_loops_corners, kennysheep_mini_moat,
          nicolae_hepliaklqana_monster_ancestors, minmay_temple_entry_grid,
          ebering_ghost_rock_garden
D:8:      layout_loops_corners, mainiacjoe_overflow_alcove_4,
          david_lair_generic, serial_shops, shop, nicolae_looking_at_the_future,
          uniq_prince_ribbit1, uniq_psyche, uniq_harold
D:9:      layout_loops_ring, nicolae_overflow_crystal_walls,
          grunt_temple_overflow_open
D:10:     layout_gridville, grunt_temple_overflow_magic_moments,
          nicolae_wu_jian_wuxing_cycle, st_stairs_3
Temple:   eino_wide_crystal_templ
Lair:1:   layout_chaotic_city

Skill      XL: |  1  2  3  4  5  6  7  8  9 10 11 |
---------------+----------------------------------+-----
Spellcasting   | 5 6 7 8 |  8.1
Invocations    | 1 2 3 4 5 6 |  6.9
Fighting       | 1 2 3 4 5 6 |  6.3
Short Blades   | 1 2 3 4 5 6 |  6.3
Long Blades    | 1 2 3 4 5 6 |  6.3
Axes           | 1 2 3 4 5 6 |  6.3
Maces & Flails | 1 2 3 4 5 6 |  6.3
Polearms       | 1 2 3 4 5 6 |  6.3
Staves         | 1 2 3 4 5 6 |  6.3
Slings         | 1 2 3 4 5 6 |  6.3
Bows           | 1 2 3 4 5 6 |  6.3
Crossbows      | 1 2 3 4 5 6 |  6.3
Throwing       | 1 2 3 4 5 6 |  6.3
Armour         | 1 2 3 4 5 6 |  6.3
Shields        | 1 2 3 4 5 6 |  6.3
Unarmed Combat | 1 2 3 4 5 6 |  6.3
Evocations     | 1 2 3 4 5 6 |  6.3
Hexes          | 1 2 3 4 5 |  5.2
Summonings     | 1 2 3 4 5 |  5.2
Necromancy     | 1 2 3 4 5 |  5.2
Translocations | 1 2 3 4 5 |  5.2
Transmutations | 1 2 3 4 5 |  5.2
Fire Magic     | 1 2 3 4 5 |  5.2
Ice Magic      | 1 2 3 4 5 |  5.2
Air Magic      | 1 2 3 4 5 |  5.2
Earth Magic    | 1 2 3 4 5 |  5.2
Poison Magic   | 1 2 3 4 5 |  5.2
Dodging        | 5 6 7 |  7.9
Stealth        | 5 6 7 |  7.6
Conjurations   | 8 |  8.9

Action                   |  1- 3 |  4- 6 |  7- 9 | 10-12 || total
-------------------------+-------+-------+-------+-------++-------
Melee: Whip              |       |       |    12 |    73 ||    85
       Bite              |       |       |     2 |     3 ||     5
       Punch             |       |       |     1 |     2 ||     3
       War axe           |       |       |       |     8 ||     8
 Cast: Magic Dart        |    80 |    28 |    67 |    42 ||   217
       Searing Ray       |     2 |    11 |    36 |    32 ||    81
       Fulminant Prism   |       |       |     6 |    39 ||    45
       Iskenderun's Myst |       |       |       |    26 ||    26
       Mephitic Cloud    |       |       |       |     2 ||     2
  Use: Potion            |       |       |       |     5 ||     5
 Stab: Sleeping          |       |       |     1 |     3 ||     4
       Confused          |       |       |       |     3 ||     3
Armor: Robe              |       |       |     9 |    31 ||    40
       Troll leather arm |       |       |       |    12 ||    12
       Steam dragon scal |       |       |       |     9 ||     9
Dodge: Dodged            |     1 |     5 |    59 |   105 ||   170
